 Dungeon Crawl Stone Soup version 0.22-b1-26-g9dbaab1 (webtiles) character file.

128 dracos369 the Slasher (level 5, -6/41 HPs)
             Began as a Formicid Abyssal Knight on Aug 8, 2018.
             Was a Believer of Lugonu.
             Mangled by a worker ant (7 damage)
             ... on level 3 of the Dungeon.
             The game lasted 00:08:37 (2803 turns).

dracos369 the Slasher (Formicid Abyssal Knight)     Turns: 2803, Time: 00:08:38

Health: -6/41      AC:  5    Str: 18    XL:     5   Next: 34%
Magic:  6/6        EV: 10    Int: 11    God:    Lugonu [**....]
Gold:   95         SH:  0    Dex: 10    Spells: 4/4 levels left

rFire    . . .     SeeInvis +   a - +1 falchion
rCold    . . .     Gourm    .   (no shield)
rNeg     . . .     Faith    .   o - +0 ring mail
rPois    .         Spirit   .   (helmet unavailable)
rElec    .         Reflect  .   j - scarf {repulsion}
rCorr    .         Harm     .   (no gloves)
MR       .....                  (no boots)
Stlth    ..........             (no amulet)
HPRegen  0.13/turn              (no ring)
MPRegen  0.10/turn              (no ring)

@: lethally poisoned (-6 -> -27), heavily drained, repel missiles
A: permanent stasis, dig shafts and tunnels, four strong arms, antennae 3
a: Dig, Shaft Self, Depart the Abyss, Bend Space, Renounce Religion


You were on level 3 of the Dungeon.
You worshipped Lugonu.
Lugonu was pleased with you.
You were not hungry.

You visited 1 branch of the dungeon, and saw 3 of its levels.
You visited the Abyss 1 time.

You collected 95 gold pieces.

Inventory:

Hand Weapons
 a - a +1 falchion (weapon)
Armour
 j - a scarf of repulsion (worn)
 o - a +0 ring mail (worn)
Scrolls
 d - 2 scrolls of teleportation {unknown}
 e - a scroll of noise {unknown}
 f - a scroll of enchant weapon {unknown}
 g - a scroll of immolation {unknown}
 h - 5 scrolls of identify {unknown}
 k - a scroll of remove curse {unknown}
 l - a scroll of enchant armour {unknown}
 m - a scroll of blinking {unknown}
 n - a scroll of amnesia {unknown}
Comestibles
 c - 4 rations
 i - 4 chunks of flesh


   Skills:
 - Level 3.2(1.7) Fighting
 + Level 5.1(3.5) Long Blades
 - Level 2.1(0.7) Armour
 - Level 0.8(0.0) Dodging
 - Level 2.1(0.7) Invocations


You had 4 spell levels left.
You didn't know any spells.
Your spell library contained the following spells:

 Spells                   Type           Power        Failure   Level  Hunger
 Confuse                  Hex            #.......     88%         3    ####...
 Confusing Touch          Hex            #.....       54%         1    ##.....
 Metabolic Englaciation   Hex/Ice        #.........   100%        5    ######.
 Petrify                  Tmut/Erth      #.......     99%         4    #####..
 Gell's Gravitas          Tloc           #.........   88%         3    ####...
 Yara's Violent Unravell  Hex/Tmut       #.........   100%        5    ######.


Dungeon Overview and Level Annotations

Branches:
Dungeon (3/15)

Altars:
Sif Muna
Wu Jian

Annotations:
D:2 1 runed door


Innate Abilities, Weirdness & Mutations

You cannot be hasted, slowed, berserked, paralysed or teleported.
You can dig through walls and to a lower floor.
Your four strong arms can wield two-handed weapons with a shield.
You have a pair of large antennae on your head. (SInv)


Message History

You are more poisoned.
The worker ant poisons you!
You closely miss the worker ant.
The worker ant is heavily wounded.
* * * LOW HITPOINT WARNING * * *
You feel sick. The worker ant barely misses you.
Unknown command.
You hit the worker ant.
The worker ant is almost dead.
* * * LOW HITPOINT WARNING * * *
You feel sick.
The worker ant bites you but does no damage.
The worker ant barely misses you.
You riposte.
You hit the worker ant but do no damage.
The worker ant is almost dead.
You hit the worker ant.
The worker ant is almost dead.
* * * LOW HITPOINT WARNING * * *
You feel sick. The worker ant bites you!
You die...

#<......###.#
.........#........####
#.######.##.#.....##.. #.
#.##..........# ..#.#
#.##...###.#..#
#.#.######.##........(.#
#.#.#....#.###..###.....
#.#.#[#.##.# #..# #..... #
#...#.#@# #..# #.#.##
#.##....#.a...##..# #.....
#.......####[.# #...##
####....# .# #...##
#######..###### # .###....#
...............{ ....^....
#######..##################.#
#..####...............#
#.......###############


You could see a worker ant.

Vanquished Creatures
  3 adders (D:2)
  5 oozes (D:1)
  2 worms
  A dart slug (D:2)
  2 orcs
  9 bats
  6 giant cockroaches
  5 goblins
  8 hobgoblins
  5 jackals (D:1)
  2 quokkas
  4 frilled lizards
  6 kobolds
  16 rats
74 creatures vanquished.

Notes
Turn   | Place    | Note
-------+----------+-------------------------------------------
     0 | Abyss:1  | dracos369 the Formicid Abyssal Knight began the quest for the Orb.
     0 | Abyss:1  | Reached XP level 1. HP: 18/18 MP: 2/2
    38 | D:1      | Escaped the Abyss
    45 | D:1      | Found a runed door.
   192 | D:1      | Reached XP level 2. HP: 24/24 MP: 3/3
   290 | D:1      | Reached skill level 3 in Long Blades
   528 | D:1      | Reached XP level 3. HP: 29/29 MP: 4/4
   676 | D:1      | Reached ** piety under Lugonu
   915 | D:1      | Reached skill level 4 in Long Blades
   915 | D:1      | Reached XP level 4. HP: 20/35 MP: 5/5
  1515 | D:2      | Found a runed door.
  1637 | D:2      | Found an ornate altar of the Wu Jian Council.
  1825 | D:2      | Reached XP level 5. HP: 32/41 MP: 6/6
  2012 | D:2      | Reached skill level 5 in Long Blades
  2430 | D:2      | Found a deep blue altar of Sif Muna.
  2667 | D:3      | Reached *** piety under Lugonu
  2803 | D:3      | HP: 1/41 [poisoned by a worker ant]
  2803 | D:3      | Mangled by a worker ant

Skill      XL: |  1  2  3  4  5 |
---------------+----------------+-----
Long Blades    | 3 4 5 |  5.1
Fighting       | |  3.2
Armour         | |  2.1
Dodging        | |  0.8
Invocations    | |  2.1

Action                   |  1- 3 |  4- 6 || total
-------------------------+-------+-------++-------
Melee: Falchion          |    94 |   125 ||   219
  Eat: Chunk             |       |     6 ||     6
Armor: Leather armour    |    37 |    22 ||    59
       Ring mail         |       |     3 ||     3
Dodge: Dodged            |    58 |    71 ||   129
       Deflected         |       |     2 ||     2
       Rpst.: Falchion   |    21 |    20 ||    41
